 Dungeon Crawl Stone Soup version 0.28.0-45-g0d030f2227 (webtiles) character file.

Game seed: 10170921560901523846

1597 Eitelfritz the Covert (level 9, -13/52 HPs)
             Began as a Kobold Brigand on Mar 27, 2022.
             Mangled by an orc warrior
             ... wielding a +0 dire flail
              (22 damage)
             ... on level 6 of the Dungeon on Mar 30, 2022.
             The game lasted 00:20:01 (7179 turns).

Eitelfritz the Covert (Kobold Brigand)              Turns: 7179, Time: 00:20:02

Health: -13/52     AC:  3    Str:  9    XL:     9   Next: 15%
Magic:  9/9        EV: 17    Int: 12    God:
Gold:   187        SH:  5    Dex: 20    Spells: 8/8 levels left

rFire   + + .      SeeInvis .   b - +2 rapier (protect)
rCold   . . .      Faith    .   (no shield)
rNeg    . . .      Spirit   .   f - +0 robe
rPois   .          Reflect  +   (no helmet)
rElec   .          Harm     .   s - +0 cloak
rCorr   .          Rampage  .   (no gloves)
Will    .....                   (no boots)
Stlth   ++++++....              i - amulet of reflection
HPRegen 0.17/turn               u - ring of protection from fire
MPRegen 0.11/turn               A - ring of protection from fire

@: no status effects
A: small, no large weapons, nightstalker 3
a: no special abilities


You were on level 6 of the Dungeon.
You visited 1 branch of the dungeon, and saw 6 of its levels.

You collected 187 gold pieces.

Inventory:

Hand Weapons
 a - a +2 dagger
 b - a +2 rapier of protection (weapon)
 c - a +0 fustibalus
 g - a +0 short sword
Missiles
 d - 5 poisoned darts (quivered)
 e - 2 curare-tipped darts
 j - 3 boomerangs
 m - 2 throwing nets
 v - 58 stones
 w - 16 sling bullets
Armour
 f - a +0 robe (worn)
 s - a +0 cloak (worn)
Magical Staves
 t - a staff of poison
Jewellery
 i - an amulet of reflection (around neck)
 u - a ring of protection from fire (left hand)
 A - a ring of protection from fire (right hand)
Scrolls
 h - a scroll of teleportation
Potions
 k - a potion of curing
 l - a potion of invisibility
 n - a potion of attraction {unknown}
 o - a potion of brilliance
 p - a potion of cancellation {unknown}
 x - a potion of lignification {unknown}


   Skills:
 + Level 4.4 Fighting
 + Level 8.8 Short Blades
 + Level 3.4 Throwing
 + Level 4.8 Dodging
 + Level 10.2 Stealth
 + Level 1.5 Shields


You had 8 spell levels left.
You didn't know any spells.
Your spell library contained the following spells:

 Spells                   Type           Power      Damage    Failure   Level
 Corpse Rot               Necr/Air       0%         N/A       45%         2
 Poisonous Vapours        Pois/Air       0%         N/A       45%         2
 Stone Arrow              Conj/Erth      0%         3d7       69%         3
 Tukima's Dance           Hex            0%         N/A       69%         3
 Anguish                  Hex/Necr       0%         N/A       97%         4
 Animate Armour           Summ/Erth      0%         N/A       97%         4
 Enfeeble                 Hex            0%         N/A       100%        7
 Lehudib's Crystal Spear  Conj/Erth      0%         10d2      100%        8


Dungeon Overview and Level Annotations

Branches:
Dungeon (6/15)             Temple (0/1) D:6

Altars:
Gozag
Wu Jian
The Shining One


Innate Abilities, Weirdness & Mutations

You are small and have problems with some larger weapons.
You are completely attuned to the shadows.


Message History

The orc barely misses you.
You hit the orc.
You kill the orc!
Things that are here:
a +0 whip; a +0 leather armour; an orc corpse An orc is nearby!
The orc shouts!
You closely miss the orc. You closely miss the orc.
The orc hits you with a +0 hand axe.
* * * LOW HITPOINT WARNING * * *
The orc warrior shouts!
You hit the orc.
Your weapon exudes an aura of protection.
The orc is severely wounded.
You hear a shout!
You block the orc's attack.
You hit the orc.
You kill the orc!
Items here: $ )))) [[[ †††.
Items here: ( ))) †.
There is a stone staircase leading down here.
The orc warrior hits you with a +0 dire flail.
* * * LOW HITPOINT WARNING * * *
Throw: 7 darts (poison)
Press: ? - help, Q - select action, (/) - cycle Shift-Dir - straight line, f - orc warrior
Aim: an orc warrior, wielding a +0 dire flail and wearing a +0 plate armour (65% to hit)
You throw a poisoned dart.
The poisoned dart closely misses the orc warrior.
The poisoned dart hits the orc!
The orc is poisoned.
You block the orc warrior's attack.
Items here: $ )))) [[[ †††.
Items here: ( ))) †.
There is a stone staircase leading down here.
Throw: 6 darts (poison)
Press: ? - help, Q - select action, (/) - cycle Shift-Dir - straight line, f/p - orc warrior
Aim: an orc warrior, wielding a +0 dire flail and wearing a +0 plate armour (65% to hit)
You throw a poisoned dart. The poisoned dart hits the orc warrior.
The orc warrior is poisoned.
The orc warrior hits you with a +0 dire flail!!
You die...

.... #######.... #...).)....
######)##.....
#.....>##..... #.
#^...#o##..... #.##
####.#.##............# #+##
#.#.##(...........#
⌠.⌠#######...o@........:...#
.>.#.........##.......ooo..#
⌠.⌠####....<....#.....J.o..#
#### #...............######
#.## #......#####....# #.
######'#####....#
#........##### #........#
#........#


You could see an orc warrior (poisoned).

Vanquished Creatures
  An ice beast (D:6)
  An orc warrior (D:6)
  A sky beast (D:5)
  5 ogres
  A phantom (D:3)
  2 centaurs
  A necrophage (D:6)
  2 hounds
  A jelly (D:6)
  A centaur skeleton (D:5)
  A bullfrog skeleton (D:5)
  3 orc priests
  Jessica (D:2)
  An iguana (D:5)
  2 orc wizards
  4 gnolls (D:5)
  9 adders
  A shadow imp (D:5)
  An adder skeleton (D:4)
  2 dart slugs (D:1)
  29 orcs
  2 ball pythons
  5 endoplasms
  2 giant cockroaches (D:2)
  4 goblins
  9 hobgoblins
  3 quokkas
  4 bats
  6 frilled lizards
  10 kobolds
  5 rats
120 creatures vanquished.

Vanquished Creatures (others)
  3 plants (D:2)
3 creatures vanquished.

Grand Total: 123 creatures vanquished

Notes
Turn   | Place    | Note
-------+----------+-------------------------------------------
     0 | D:1      | Eitelfritz the Kobold Brigand began the quest for the Orb.
     0 | D:1      | Reached XP level 1. HP: 12/12 MP: 1/1
   231 | D:1      | Reached XP level 2. HP: 15/17 MP: 2/2
   494 | D:1      | Reached skill level 6 in Stealth
  1088 | D:1      | Reached XP level 3. HP: 17/21 MP: 3/3
  1668 | D:2      | Noticed Jessica
  1671 | D:2      | Killed Jessica
  1672 | D:2      | Reached skill level 7 in Stealth
  1672 | D:2      | Reached XP level 4. HP: 27/27 MP: 4/4
  2046 | D:2      | Reached XP level 5. HP: 31/31 MP: 5/5
  2524 | D:3      | Found a glowing golden altar of the Shining One.
  3058 | D:3      | Found a faded altar of an unknown god.
  3239 | D:3      | Reached XP level 6. HP: 36/36 MP: 6/6
  3376 | D:3      | Reached skill level 8 in Stealth
  3382 | D:3      | Found an ornate altar of the Wu Jian Council.
  3846 | D:3      | Upgraded the game from 0.28.0-43-g3370ac3207 to
                  | 0.28.0-45-g0d030f2227
  3892 | D:4      | Noticed an ogre
  3911 | D:4      | Killed an ogre
  3912 | D:4      | Reached skill level 5 in Short Blades
  3954 | D:4      | Reached XP level 7. HP: 41/41 MP: 7/7
  5153 | D:5      | Entered Level 5 of the Dungeon
  5161 | D:5      | Found an opulent altar of Gozag.
  5187 | D:5      | Reached skill level 9 in Stealth
  5337 | D:5      | Reached XP level 8. HP: 46/46 MP: 8/8
  5925 | D:5      | Reached skill level 1 in Shields
  6912 | D:6      | HP: 2/48 [orc priest/divine providence (11)]
  6916 | D:6      | Found a staircase to the Ecumenical Temple.
  6956 | D:6      | Reached skill level 10 in Stealth
  6960 | D:6      | Reached XP level 9. HP: 6/52 MP: 9/9
  7179 | D:6      | Mangled by an orc warrior

Illustrated notes

Levels and vault maps discovered:
D:1:      sevenhm_arrival_forest_fort_large_1, layout_loops_corners,
          st_stairs_14
D:2:      kb_forest_paths, layout_basic, minmay_misc_feat_pillars,
          lexackson_kobold_supper, uniq_jessica
D:3:      layout_basic, lemuel_crystal_altar, nzn_wu_jian_council_hall,
          hellmonk_ecumenical_altar_arch_garden
D:4:      layout_gridville
D:5:      layout_loops_ring, nicolae_gozag_cash_rules_everything_around_me,
          minmay_crossroads
D:6:      layout_basic, mainiacjoe_overflow_concentric_impassable,
          dancing_weapons_uskayaw, temple_doors_cd, portal_sewer_entry_d,
          grunt_potential

Skill      XL: |  1  2  3  4  5  6  7  8 |
---------------+-------------------------+-----
Stealth        | 6 7 8 9 10 | 10.2
Short Blades   | 3 4 5 6 8 |  8.8
Dodging        | 2 3 4 |  4.8
Fighting       | 3 4 |  4.4
Shields        | 1 |  1.5
Throwing       | 3 |  3.4

Action                   |  1- 3 |  4- 6 |  7- 9 || total
-------------------------+-------+-------+-------++-------
Melee: Dagger            |    26 |    31 |    20 ||    77
       Punch             |     2 |     3 |     7 ||    12
       Short sword       |     9 |       |       ||     9
       Rapier            |    24 |   159 |   196 ||   379
Throw: Dart              |       |     3 |    16 ||    19
  Use: Scroll            |       |       |    11 ||    11
       Potion            |       |       |     2 ||     2
 Stab: Sleeping          |    14 |    12 |    17 ||    43
Armor: Robe              |     8 |    43 |    62 ||   113
Dodge: Dodged            |    24 |    77 |   138 ||   239
Block: Other             |       |       |    45 ||    45
